 Dungeon Crawl Stone Soup version 0.27.1-34-g3ba077fa99 (webtiles) character file.

Game seed: 1555704502950355539

1946 boopmooplesden the Cruncher (level 8, -8/70 HPs)
             Began as a Minotaur Gladiator on Jan 16, 2022.
             Was a Follower of Okawaru.
             Mangled by Joseph (17 damage)
             ... on level 7 of the Dungeon.
             The game lasted 00:09:28 (6821 turns).

boopmooplesden the Cruncher (Minotaur Gladiator)    Turns: 6821, Time: 00:09:29

Health: -8/70      AC: 11    Str: 19    XL:     8   Next: 98%
Magic:  5/7        EV: 20    Int:  5    God:    Okawaru [*.....]
Gold:   339        SH:  0    Dex: 14    Spells: 7/7 levels left

rFire    . . .     SeeInvis .   a - +0 quarterstaff
rCold    . . .     Faith    .   (shield currently unavailable)
rNeg     . . .     Spirit   .   r - +2 ring mail
rPois    .         Reflect  .   c - +2 hat
rElec    .         Harm     .   (no cloak)
rCorr    .         Rampage  .   (no gloves)
Will     .....                  (no boots)
Stlth    +++.......             (no amulet)
HPRegen  0.21/turn              k - +4 ring of evasion
MPRegen  0.10/turn              (no ring)

@: heroic
A: horns 2, retaliatory headbutt
a: Renounce Religion, Heroism


You were on level 7 of the Dungeon.
You worshipped Okawaru.
Okawaru was aware of your devotion.
You visited 2 branches of the dungeon, and saw 8 of its levels.

You collected 339 gold pieces.

Inventory:

Hand Weapons
 a - a +0 quarterstaff (weapon)
 e - a +3 whip
 h - a +2 whip of electrocution
 p - the +4 mace of Virtue {pain, rF+}
   (You found it on level 4 of the Dungeon)

   In the hands of one skilled in necromantic magic, it inflicts extra damage on
   living creatures.
   rF:        It protects you from fire.
Missiles
 d - 6 silver javelins (quivered)
Armour
 b - a +0 leather armour
 c - a +2 hat (worn)
 r - a +2 ring mail (worn)
Jewellery
 k - a +4 ring of evasion (left hand)
Wands
 j - a wand of paralysis (9)
Scrolls
 o - a scroll of fear {unknown}
 q - 2 scrolls of fog
Potions
 f - a potion of might {unknown}
 g - 3 potions of flight {unknown}
 i - 3 potions of curing
 l - a potion of attraction {unknown}
 m - a potion of mutation {unknown}
 n - 2 potions of brilliance {unknown}
 s - a potion of berserk rage
 t - a potion of lignification {unknown}
 u - a potion of haste {unknown}


   Skills:
 + Level 5.9(10.9) Fighting
 + Level 9.8(14.8) Staves
 + Level 2.4(7.4) Throwing
 + Level 6.5(11.5) Armour
 + Level 5.6(10.6) Dodging
 + Level 1.8(6.8) Stealth
 + Level 0.3 Evocations


You had 7 spell levels left.
You didn't know any spells.
Your spell library contained the following spells:

 Spells                   Type           Power      Damage    Failure   Level
 Inner Flame              Hex/Fire       0%         N/A       94%         3
 Cause Fear               Hex            0%         N/A       100%        4
 Discord                  Hex            0%         N/A       100%        8


Dungeon Overview and Level Annotations

Branches:
Dungeon (7/15)             Temple (1/1) D:5

Altars:
Cheibriados
Gozag
Kikubaaqudgha
Makhleb
Okawaru
Qazlal
Ru
Sif Muna
Trog
Vehumet
Yredelemnul
Zin
The Shining One

Annotations:
D:3 2 transporters, Vadun's ghost, amateur DrGl
D:7 Joseph


Innate Abilities, Weirdness & Mutations

You have a pair of horns on your head.
You reflexively headbutt those who attack you in melee.


Message History

The orc barely misses you.
You hit the orc.
The orc is heavily wounded.
You sock the orc!
You kill the orc!
Okawaru accepts your kill.
A centaur skeleton comes into view.
Joseph hits you with a +0 quarterstaff. Joseph completely misses you.
The centaur skeleton moves out of view.
An iguana comes into view.
Things that are here:
a +0 flail; a +0 dagger; an orc corpse You bludgeon Joseph!!
Joseph is moderately wounded.
Joseph hits you with a +0 quarterstaff!
You hit Joseph. Your headbutt misses Joseph.
Joseph is moderately wounded.
Joseph hits you with a +0 quarterstaff!!
You sock Joseph! You headbutt Joseph!
Joseph is heavily wounded.
Joseph hits you but does no damage.
You hit Joseph but do no damage.
Joseph is heavily wounded.
Joseph hits you with a +0 quarterstaff!
You hit Joseph but do no damage.
Joseph is heavily wounded.
You thump Joseph!
Joseph is heavily wounded.
Joseph hits you with a +0 quarterstaff!
* * * LOW HITPOINT WARNING * * *
Throw: 7 javelins (silver)
Press: ? - help, Q - select action, (/) - cycle Shift-Dir - straight line, f - Joseph
Aim: Joseph, wielding a +0 quarterstaff, wearing a +0 ring mail, quivering sling bullets and carrying a wand of polymorph (6) (heavily wounded, berserk, 70% to hit)
You throw a silver javelin.
The silver javelin pierces through Joseph but does no damage.
Joseph is heavily wounded.
Joseph hits you with a +0 quarterstaff!
* * * LOW HITPOINT WARNING * * *
Joseph hits you with a +0 quarterstaff!
You die...

..# # ...# .#. #.# ...#
#.# #...# #..###.###..#..#
.##...(l..........
..................
...o..)...........#.#
#@.............#
#@#.........#..#
#####.#.........#..#
..##.##...######.>#
##.........######..##
#...................##
#....................#
#..<.......##.........
#.<........##.........
######.###############....


You could see Joseph (berserk) and an iguana.

Vanquished Creatures
  Sigmund (D:5)
  Menkaure (D:6)
  An orc warrior (D:5)
  2 ogres
  A phantom (D:6)
  A kobold brigand (D:6)
  2 bullfrogs
  A gnoll sergeant (D:7)
  4 scorpions
  2 centaur zombies (D:5)
  5 hounds
  3 orc priests
  A jelly (D:6)
  A centaur skeleton (D:4)
  Ijyb (D:5)
  3 iguanas
  2 orc wizards
  12 gnolls
  5 adders
  2 river rats (D:5)
  3 ufetubi
  2 worms
  3 dart slugs
  28 orcs
  5 ball pythons
  5 endoplasms
  4 giant cockroaches
  6 goblins
  8 hobgoblins
  2 jackals (D:3)
  15 kobolds
  5 quokkas
  2 bats
  2 frilled lizards (D:2)
  10 rats
151 creatures vanquished.

Notes
Turn   | Place    | Note
-------+----------+-------------------------------------------
     0 | D:1      | boopmooplesden the Minotaur Gladiator began the quest for
                  | the Orb.
     0 | D:1      | Reached XP level 1. HP: 18/18 MP: 0/0
   224 | D:1      | Reached XP level 2. HP: 13/25 MP: 1/1
   434 | D:1      | Reached skill level 4 in Staves
   784 | D:2      | Reached XP level 3. HP: 30/30 MP: 2/2
  1856 | D:3      | Reached skill level 1 in Armour
  1856 | D:3      | Reached XP level 4. HP: 38/38 MP: 3/3
  2133 | D:3      | Found a transporter.
  2152 | D:3      | Found a transporter.
  2153 | D:3      | Noticed Vadun's ghost (amateur DrGl)
  2162 | D:3      | Reached skill level 5 in Staves
  2630 | D:4      | Reached XP level 5. HP: 37/45 MP: 4/4
  2847 | D:4      | Reached XP level 6. HP: 18/52 MP: 5/5
  3467 | D:4      | Identified the +4 mace of Virtue {pain, rF+}
  3498 | D:4      | Reached skill level 6 in Staves
  3900 | D:5      | Entered Level 5 of the Dungeon
  3900 | D:5      | Noticed Sigmund
  3907 | D:5      | Killed Sigmund
  3908 | D:5      | Reached XP level 7. HP: 56/60 MP: 6/6
  3975 | D:5      | Reached skill level 5 in Dodging
  4429 | D:5      | Reached skill level 7 in Staves
  4487 | D:5      | Noticed Ijyb
  4493 | D:5      | Killed Ijyb
  4498 | D:5      | Reached skill level 5 in Fighting
  4971 | D:5      | Found a staircase to the Ecumenical Temple.
  5165 | Temple   | Entered the Ecumenical Temple
  5379 | Temple   | Became a worshipper of Warmaster Okawaru
  5569 | D:5      | Reached skill level 1 in Stealth
  5569 | D:5      | Reached XP level 8. HP: 59/68 MP: 7/7
  5646 | D:5      | Reached skill level 8 in Staves
  6010 | D:6      | Reached skill level 5 in Armour
  6247 | D:6      | Reached * piety under Okawaru
  6258 | D:6      | Noticed Menkaure
  6265 | D:6      | Killed Menkaure
  6415 | D:6      | Reached skill level 9 in Staves
  6795 | D:7      | Noticed Joseph
  6821 | D:7      | Mangled by Joseph

Illustrated notes

Levels and vault maps discovered:
D:1:      minmay_arrival_loop, layout_rooms, minivault_26,
          minmay_misc_feat_pillars
D:2:      layout_basic, minmay_misc_feat_doors, chequers_mini_garden,
          hangedman_glass_teeth
D:3:      layout_rooms, nicolae_overflow_hidden_temple,
          gammafunk_ghost_mausoleum
D:4:      layout_rooms, kennysheep_nub
D:5:      layout_basic, minmay_temple_entry_poolview, gup_sewer_entry_spiral,
          guppyfry_early_orc_mine, uniq_sigmund, uniq_ijyb
D:6:      layout_rooms, grunt_decor_cap, uniq_menkaure
D:7:      minmay_the_grid_octo_2x2 [minmay_the_grid_octo_checkered,
          minmay_the_grid_octo_focus, minmay_the_grid_octo_77,
          minmay_the_grid_octo_prize_ultimate_mussel_roller], layout_rooms,
          nzn_wu_jian_council_hall, nzn_hepliaklqana_mist_gate,
          mainiacjoe_overflow_catwalk_spiral, uniq_joseph
Temple:   nicolae_temple_figure_eight

Skill      XL: |  1  2  3  4  5  6  7  8 |
---------------+-------------------------+-----
Staves         | 4 5 6 7 9 |  9.8
Dodging        | 4 5 |  5.6
Fighting       | 3 4 5 |  5.9
Armour         | 1 2 3 4 6 |  6.5
Stealth        | 1 |  1.8
Throwing       | |  2.4
Evocations     | |  0.3

Action                   |  1- 3 |  4- 6 |  7- 9 || total
-------------------------+-------+-------+-------++-------
Melee: Quarterstaff      |    77 |   115 |   198 ||   390
       Headbutt          |     9 |    27 |    36 ||    72
Throw: Throwing net      |       |     3 |     1 ||     4
       Javelin           |       |       |     1 ||     1
Invok: Heroism           |       |       |     2 ||     2
Evoke: Wand              |       |       |     3 ||     3
  Use: Scroll            |     3 |       |     6 ||     9
 Stab: Held in net/web   |       |       |     1 ||     1
Armor: Leather armour    |    23 |    21 |       ||    44
       Ring mail         |       |     2 |    33 ||    35
Dodge: Dodged            |    66 |   131 |   190 ||   387
